 Dungeon Crawl Stone Soup version 0.16.2-2-g470672f (webtiles) character file.

422 CrazyArbalest the Bolt Thrower (level 6, -14/51 HPs)
             Began as a Centaur Hunter on Aug 24, 2015.
             Killed from afar by Pikel (25 damage)
             ... with a wand of fire
             ... on level 4 of the Dungeon.
             The game lasted 00:20:53 (3679 turns).

CrazyArbalest the Bolt Thrower (Centaur Hunter)     Turns: 3679, Time: 00:20:53

Health: -14/51     AC: 11    Str: 17    XL:     6   Next: 63%
Magic:  5/5        EV:  9    Int: 10    God:
Gold:   217        SH:  0    Dex:  9    Spells: 0 memorised, 5 levels left

rFire  . . .     SeeInvis .     b - +1 hand crossbow
rCold  . . .     Clarity  .     s - +0 ring mail
rNeg   . . .     SustAb   .     (no shield)
rPois  .         Gourm    .     v - +1 helmet of Gehenna {rElec}
rElec  +         Spirit   .     A - +2 cloak {MR+}
rCorr  .         Warding  .     (no gloves)
rMut   .         Stasis   .     (no barding)
MR     +....                    (no amulet)
Stlth  ..........               (no ring)
                                (no ring)

@: very quick, somewhat resistant to hostile enchantments, extremely unstealthy
A: hooves 3, deformed body, speed 2, tough skin 3
a: no special abilities


You were on level 4 of the Dungeon.
You were not hungry.

You visited 1 branch of the dungeon, and saw 4 of its levels.

You collected 217 gold pieces.

Inventory:

Hand weapons
 a - a +0 mace
 b - a +1 hand crossbow (weapon)
 z - a +4 quarterstaff of chaos
Missiles
 c - 68 bolts (quivered)
Armour
 d - a +0 leather armour
 k - a +1 hat
 s - a +0 ring mail (worn)
 v - the +1 helmet of Gehenna (worn) {rElec}
   (You took it off Robin on level 2 of the Dungeon)

   It insulates you from electricity.
 A - a +2 cloak of magic resistance (worn)
 K - a cursed +0 ring mail
Jewellery
 J - an uncursed ring of flight {unknown}
Magical devices
 u - a wand of confusion (23)
 x - a wand of polymorph (6)
 y - a wand of slowing (27)
 G - a wand of flame (21)
Scrolls
 e - 3 scrolls of enchant weapon {unknown}
 g - a scroll of amnesia {unknown}
 h - a scroll of teleportation {unknown}
 i - a scroll of fear {unknown}
 l - 3 scrolls of identify {unknown}
 m - a scroll of blinking {unknown}
 n - a scroll of enchant armour {unknown}
 o - a scroll of noise {unknown}
 q - 4 scrolls of remove curse {unknown}
 C - 2 scrolls of fog {unknown}
 D - a scroll of magic mapping {unknown}
 N - a scroll of immolation {unknown}
Potions
 r - 2 potions of resistance
 t - a potion of flight {unknown}
 w - a potion of restore abilities {unknown}
 E - 2 potions of degeneration {unknown}
 F - 2 potions of curing {unknown}
 I - 2 potions of mutation {unknown}
 L - a potion of poison {unknown}
Comestibles
 f - 4 bread rations
 j - a meat ration
 p - a royal jelly
 B - 2 beef jerkies
 H - 3 slices of pizza
 M - 3 chunks of flesh


   Skills:
 + Level 3.1 Fighting
   Level 0.3 Short Blades
 + Level 0.6 Maces & Flails
 * Level 6.3 Crossbows
 + Level 2.2 Armour
 + Level 2.7 Dodging
 + Level 0.7 Stealth


You had 5 spell levels left.
You didn't know any spells.

Dungeon Overview and Level Annotations

Branches:
Dungeon (4/15)
 Temple: D:4-7

Altars:
Cheibriados
Kikubaaqudgha
Qazlal
Sif Muna

Annotations:
D:4 Blork the orc, Pikel


Innate Abilities, Weirdness & Mutations

You have hooves in place of feet.
Armour fits poorly on your strangely shaped body.
You cover ground very quickly.
You have extremely tough skin (AC +3).


Message History

Firing (i - inventory):
c - 69 bolts (quivered)
Press: ? - help, Shift-Dir - straight line, p - Pikel
Okay, then.
Unknown command.
The bat closely misses you. The bat hits you. The bat misses you.
Pikel zaps a wand.
The bolt of fire hits you!
* * * LOW HITPOINT WARNING * * *
Firing (i - inventory):
c - 69 bolts (quivered)
Press: ? - help, Shift-Dir - straight line, f/p - Pikel
Aim: Pikel, wielding a whip of freezing, wearing a glowing robe and carrying a wand of fire {zapped: 4} (heavily wounded)
You shoot a bolt. The bolt hits Pikel.
Pikel is heavily wounded.
The bat closely misses you. The slave misses you.
Pikel zaps a wand.
The bolt of fire hits the bat.
The bat dies!
The bolt of fire misses you.
Pikel zaps a wand.
The bolt of fire misses you.
Pikel zaps a wand.
The bolt of fire hits you!
You die...

. ...+ . #. ..#+###+#..
#.####+#.........#
#......+(........+
+......#.........#
##+._.##.........#+##
##............#+###..##+##
+.............#...Kp.....#
#.$...#.......@.p.Z......#
#.....+.......#..p.......#
#.....#.......#...p......#
#.....#.......#...(.(<...+
#....#.......#..###....##
###+#.....####'###....###
#.....+>....#.......#
+.K...#.....'.......#
#.....#....<#.......#


You could see Pikel, 4 slaves and an adder skeleton.

Vanquished Creatures
  Eustachio (D:4)
  An ogre (D:3)
  Crazy Yiuf (D:2)
  A hound (D:4)
  Jessica (D:2)
  Robin (D:2)
  3 adders
  A giant mite (D:3)
  3 worms
  2 giant geckos
  An ooze (D:2)
  2 orcs (D:3)
  11 bats
  17 goblins
  4 hobgoblins
  3 jackals (D:3)
  3 kobolds
  A quokka (D:2)
  A ball python (D:1)
  3 giant cockroaches
  4 giant newts
  11 rats
76 creatures vanquished.

Vanquished Creatures (others)
  A bat (D:4)
1 creature vanquished.

Grand Total: 77 creatures vanquished

Notes
Turn   | Place    | Note
--------------------------------------------------------------
     0 | D:1      | CrazyArbalest, the Centaur Hunter, began the quest for the Orb.
     0 | D:1      | Reached XP level 1. HP: 17/17 MP: 1/1
   320 | D:1      | Reached XP level 2. HP: 15/24 MP: 2/2
  1262 | D:2      | Reached XP level 3. HP: 30/30 MP: 3/3
  1312 | D:2      | Noticed Robin
  1325 | D:2      | Killed Robin
  1351 | D:2      | Reached skill level 5 in Crossbows
  1387 | D:2      | Got a distressingly furry helmet
  1431 | D:2      | Identified the +1 helmet of Gehenna {rElec} (You took it off Robin on level 2 of the Dungeon)
  1464 | D:2      | Found an ancient bone altar of Kikubaaqudgha.
  1544 | D:2      | Noticed Jessica
  1569 | D:2      | Killed Jessica
  1569 | D:2      | Reached XP level 4. HP: 37/37 MP: 3/3
  1600 | D:2      | Noticed a fire elemental
  1604 | D:2      | Found a stormy altar of Qazlal.
  1606 | D:2      | Noticed a water elemental
  1606 | D:2      | Noticed an air elemental
  1606 | D:2      | Noticed an earth elemental
  1635 | D:2      | Reached skill level 1 in Armour
  1697 | D:2      | Noticed Crazy Yiuf
  1733 | D:2      | Killed Crazy Yiuf
  2598 | D:3      | Reached XP level 5. HP: 42/42 MP: 4/4
  2831 | D:3      | Found a deep blue altar of Sif Muna.
  3169 | D:4      | Noticed Eustachio
  3182 | D:4      | Killed Eustachio
  3182 | D:4      | Reached XP level 6. HP: 43/51 MP: 5/5
  3330 | D:4      | Reached skill level 6 in Crossbows
  3346 | D:4      | Noticed a slave
  3348 | D:4      | Noticed Pikel
  3348 | D:4      | Noticed a slave
  3350 | D:4      | Noticed a slave
  3380 | D:4      | Found a snail-covered altar of Cheibriados.
  3495 | D:4      | Noticed Blork the orc
  3498 | D:4      | Noticed an ogre
  3567 | D:3      | Killed an ogre
  3638 | D:4      | Noticed a slave
  3679 | D:4      | Killed from afar by Pikel

Action                   |  1- 3 |  4- 6 || total
-------------------------+-------+-------++-------
Melee: Short sword       |    80 |       ||    80
       Club              |    15 |    77 ||    92
       Unarmed           |     3 |       ||     3
       Mace              |       |    57 ||    57
 Fire: Hand crossbow     |    17 |    63 ||    80
 Stab: Confused          |     1 |       ||     1
  Eat: Chunk             |     1 |     6 ||     7
